 Dungeon Crawl Stone Soup version 0.29.1-13-g9f3cf754e1 (webtiles) character file.

Game seed: 11324174974321337929

32 Thatpatchoflichen the Trooper (level 3, -1/39 HPs)
             Began as an Ogre Monk on Feb 3, 2023.
             Slain by a worm (6 damage)
             ... on level 2 of the Dungeon.
             The game lasted 00:02:19 (1697 turns).

Thatpatchoflichen the Trooper (Ogre Monk)           Turns: 1697, Time: 00:02:19

Health: -1/39      AC:  3    Str: 15    XL:     3   Next: 27%
Magic:  3/3        EV: 10    Int: 11    God:
Gold:   68         SH:  0    Dex: 13    Spells: 2/2 levels left

rFire   . . .      SeeInvis .   a - +0 mace
rCold   . . .      Faith    .   (no shield)
rNeg    . . .      Spirit   .   b - +0 robe
rPois   .          Reflect  .   (helmet restricted)
rElec   .          Harm     .   (no cloak)
rCorr   .          Rampage  .   (gloves unavailable)
Will    .....                   (boots unavailable)
Stlth   ++........              (no amulet)
HPRegen 0.13/turn               (no ring)
MPRegen 0.08/turn               (no ring)

@: no status effects
A: large, unfitting armour, tough skin 1
a: no special abilities


You were on level 2 of the Dungeon.
You visited 1 branch of the dungeon, and saw 2 of its levels.

You collected 68 gold pieces.

Inventory:

Hand Weapons
 a - a +0 mace (weapon)
Armour
 b - a +0 robe (worn)
Scrolls
 e - a scroll of amnesia {unknown}
 f - a scroll of silence {unknown}
 g - 2 scrolls of identify {unknown}
 h - a scroll of torment {unknown}
 i - 3 scrolls of blinking {unknown}
Potions
 c - a potion of ambrosia
 d - a potion of berserk rage {unknown}


   Skills:
 - Level 4.0 Fighting
 + Level 3.1 Maces & Flails
 + Level 3.1 Dodging
 - Level 2.0 Stealth


You had 2 spell levels left.
You didn't know any spells.
Your spell library contained the following spells:

 Spells                   Type           Power      Damage    Failure   Level
 Apportation              Tloc           0%         N/A       34%         1
 Necrotise                Necr           0%         1d4       34%         1
 Summon Small Mammal      Summ           0%         N/A       34%         1
 Inner Flame              Hex/Fire       0%         N/A       71%         3
 Cause Fear               Hex            0%         N/A       98%         4
 Alistair's Intoxication  Tmut/Pois      0%         N/A       100%        5
 Discord                  Hex            0%         N/A       100%        8


Dungeon Overview and Level Annotations

Branches:
Dungeon (2/15)

Altars:


Innate Abilities, Weirdness & Mutations

You are too large for most types of armour.
You have tough skin. (AC +1)


Message History

The hobgoblin throws a stone.
The stone hits you.
The hobgoblin throws a stone.
The stone barely misses you. The hobgoblin closely misses you.
You completely miss the hobgoblin.
The hobgoblin hits you but does no damage.
You closely miss the hobgoblin. You punch the hobgoblin.
The hobgoblin is moderately wounded.
The hobgoblin hits you.
You hit the hobgoblin.
You kill the hobgoblin!
Training target 2.0 for Stealth reached!
Your Stealth skill increases to level 2!
You hit the worm.
The worm is moderately wounded.
The worm bites you.
You barely miss the worm.
The worm is moderately wounded.
The worm bites you!
You hit the worm.
The worm is moderately wounded.
You hit the worm but do no damage.
The worm is moderately wounded.
You hit the worm.
The worm is moderately wounded.
The worm closely misses you.
You hit the worm.
The worm is moderately wounded.
The worm bites you. The worm bites you!
* * * LOW HITPOINT WARNING * * *
You hit the worm.
The worm is severely wounded.
You hit the worm.
The worm is almost dead.
The worm bites you.
* * * LOW HITPOINT WARNING * * *
The worm completely misses you.
You thump the worm!
You kill the worm!
The worm bites you.
You die...

...... ...##.... #.#..##......##
#...# #..##..#.###.#..##..#.....
#...# #..##.....##.#..##......##
##...###..##...#.......#.#..#..#
..........##.#...##............#
..........##.#..).........#.##.#
...........#.#..............##.#
##...###.....).######.###.####.#
#...# #..##...w@# #.# #......#
##...###..######.# #.#####..###
...)......# #.# #.##.......#
..........# #.# #.##.#####.#
#.##.###### #.# #.##.# #.# ..
#... #.# #....# #.# #. ###.# #.#
####.# #.# #. .# #.# #.#####.##
# #.........


You could see a worm.

Vanquished Creatures
  A worm (D:2)
  A dart slug (D:2)
  2 endoplasms (D:1)
  3 giant cockroaches
  5 goblins
  6 hobgoblins
  A kobold (D:2)
  3 ball pythons
  2 bats (D:1)
  A frilled lizard (D:1)
  3 rats (D:1)
28 creatures vanquished.

Notes
Turn   | Place    | Note
-------+----------+-------------------------------------------
     0 | D:1      | Thatpatchoflichen the Ogre Monk began the quest for the
                  | Orb.
     0 | D:1      | Reached XP level 1. HP: 24/24 MP: 1/1
   479 | D:1      | Reached XP level 2. HP: 32/32 MP: 2/2
  1472 | D:2      | Reached XP level 3. HP: 33/39 MP: 3/3
  1697 | D:2      | Slain by a worm

Illustrated notes

Levels and vault maps discovered:
D:1:      giann_bridges, layout_basic
D:2:      layout_loops_ring, kennysheep_boxes

Skill      XL: |  1  2  3 |
---------------+----------+-----
Dodging        | 3 |  3.1
Maces & Flails | 3 |  3.1
Stealth        | 2 |  2.0
Fighting       | |  4.0

Action                   || total
-------------------------++-------
Melee: Mace              ||    87
       Punch             ||     1
 Stab: Sleeping          ||     1
Armor: Robe              ||    22
Dodge: Dodged            ||    55
